Map: [ESL] NeoHumanity

Players

Cure - Winner!

  • Race: Terran Terran
  • Spawn Location: 11:00

Clem

  • Race: Terran Terran
  • Spawn Location: 5:00

Event: ESL SC2 Masters 2023 Summer (Finals)

VOD

Have the link to the VOD?

Description

Time

  • Played on: June 16, 2023, 1:15 p.m.
  • Length: 16:09

All games in this series

Show
View Real Time Build Order
Export as new Build Order

Cure Terran - Winner!

Build Orders: Reaper Expand 

Get SALT Encoding   

  12  0:00  SCV  
  13  0:12  SCV  
  14  0:17  Supply Depot  
  14  0:24  SCV  
  15  0:38  SCV  
  15  0:39  Barracks  
  15  0:42  Refinery  
  16  0:50  SCV  
  17  1:03  SCV  
  18  1:15  SCV  
  19  1:26  Reaper  
  19  1:27  Orbital Command  
  20  1:42  Command Center  
  20  1:48  Supply Depot  
  20  1:52  SCV  
  21  1:58  Marine  
  22  2:05  SCV  
  23  2:09  Factory  
  23  2:14  Bunker  
  23  2:17  SCV  
  23  2:19  Marine  
  25  2:25  Refinery  
  25  2:29  SCV  
  26  2:37  Barracks Reactor  
  26  2:41  SCV  
  27  2:53  Hellion, SCV  
  27  2:55  Orbital Command  
  27  2:56  Starport  
  30  3:05  SCV  
  31  3:13  Marine x2  
  31  3:14  Factory Tech Lab  
  31  3:17  SCV  
  34  3:21  SCV  
  34  3:22  Refinery  
  35  3:30  SCV  
  35  3:33  SCV, Supply Depot  
  37  3:34  Starport Tech Lab, Cyclone  
  37  3:37  Marine x2  
  42  3:42  SCV  
  42  3:45  SCV  
  44  3:48  Supply Depot  
  44  3:52  Raven  
  44  3:55  SCV  
  47  3:57  SCV  
  50  4:06  Siege Tank  
  50  4:07  SCV  
  54  4:11  SCV  
  53  4:17  Command Center  
  53  4:21  SCV  
  53  4:22  Marine  
  53  4:24  SCV  
  55  4:26  Raven  
  55  4:29  Supply Depot  
  57  4:33  SCV  
  57  4:36  SCV  
  59  4:39  Supply Depot  
  59  4:42  Siege Tank  
  59  4:45  Refinery  
  62  4:50  Marine x2, SCV x2  
  62  4:52  Supply Depot  
  66  5:03  SCV x2  
  66  5:06  Barracks  
  68  5:07  Barracks  
  68  5:15  SCV x2, Siege Tank  
  68  5:19  Viking  
  75  5:21  Viking  
  75  5:24  Marine  
  78  5:29  SCV x2  
  78  5:30  Supply Depot  
  80  5:42  Orbital Command, SCV  
  81  5:43  SCV  
  81  5:47  Marine  
  81  5:48  Siege Tank  
  85  5:53  Engineering Bay  
  85  5:54  Engineering Bay  
  85  5:58  Viking x2  
  85  6:00  SCV x2, Barracks Reactor x2  
  91  6:05  Orbital Command, Marine  
  91  6:11  Stimpack  
  92  6:14  SCV x2  
  92  6:17  Supply Depot  
  94  6:21  Terran Infantry Weapons Level 1, Terran Infantry Armor Level 1  
  94  6:28  Marine, Siege Tank  
  94  6:32  SCV x2  
  100  6:34  SCV  
  100  6:37  Marine x4  
  105  6:40  Supply Depot  
  105  6:41  Supply Depot  
  105  6:44  SCV x2  
  105  6:45  Medivac  
  105  6:46  SCV, Medivac  
  112  6:47  Marine  
  112  6:49  Refinery  
  112  6:50  Refinery  
  113  6:58  Marine x4  
  117  7:02  SCV x3, Siege Tank  
  117  7:05  Marine  
  117  7:07  Supply Depot  
  124  7:14  SCV x3  
  125  7:15  Barracks  
  125  7:16  Supply Depot  
  125  7:17  Barracks  
  125  7:24  Marine x4  
  125  7:25  Marine  
  125  7:26  Medivac  
  125  7:29  Medivac  
  134  7:31  Armory  
  134  7:32  Supply Depot  
  134  7:33  SCV  
  134  7:34  SCV x2  
  136  7:38  Siege Tank  
  139  7:46  Sensor Tower  
  139  7:47  Marine x5  
  144  7:53  Combat Shield  
  144  7:58  Viking  
  146  7:59  Viking  
  146  8:00  Supply Depot  
  146  8:03  Barracks Reactor  
  146  8:04  Barracks Reactor  
  148  8:06  SCV  
  148  8:07  SCV x2  
  148  8:11  Marine x5  
  156  8:15  Supply Depot  
  156  8:20  Supply Depot  
  156  8:21  Supply Depot  
  156  8:22  Siege Tank  
  156  8:25  Terran Infantry Weapons Level 2  
  158  8:28  Marine x2  
  158  8:29  Marine x3  
  158  8:33  Terran Infantry Armor Level 2  
  163  8:37  Supply Depot  
  163  8:43  Viking, Command Center  
  163  8:44  Viking  
  167  8:53  Marine x2  
  167  8:54  Marine x7  
  175  9:02  Siege Tank  
  178  9:04  Terran Vehicle Weapons Level 1  
  178  9:06  SCV x3, Factory  
  181  9:15  Viking x2  
  185  9:18  Marine x2  
  185  9:19  Marine x6  
  185  9:22  SCV  
  185  9:23  SCV x2  
  195  9:25  Barracks Reactor  
  194  9:31  Refinery x2  
  194  9:38  Marine x4  
  191  9:39  Marine x2  
  191  9:42  Marine  
  191  9:43  Marine  
  191  9:45  Siege Tank  
  187  10:00  Marine x7, Planetary Fortress  
  187  10:01  Marine  
  191  10:09  Viking x2  
  189  10:14  Marine x2  
  189  10:15  Siege Tank  
  189  10:17  Siege Tank  
  189  10:18  Marine x3  
  189  10:21  Starport  
  193  10:22  Starport  
  193  10:25  Marine x5  
  198  10:32  Marine  
  195  10:40  Command Center  
  195  10:43  Marine x2  
  200  10:55  Terran Infantry Weapons Level 3, Siege Tank  
  200  10:56  Terran Infantry Armor Level 3  
  200  10:59  Starport Tech Lab x2  
  200  11:00  Terran Vehicle Weapons Level 2  
  200  11:01  Command Center  
  200  11:04  Starport  
  198  11:22  Marine x5  
  168  11:26  Siege Tank  
  168  11:27  Siege Tank  
  171  11:35  Raven  
  171  11:36  Viking x3  
  169  11:52  Marine x8  
  171  11:58  Siege Tank  
  171  11:59  Siege Tank  
  176  12:03  Marine x2  
  176  12:10  Marine x2  
  176  12:14  Viking x3  
  176  12:15  Viking  
  130  12:26  Marine x3  
  130  12:28  Orbital Command  
  110  12:47  Marine x2  
  105  13:15  Orbital Command  
  97  13:20  Marine x2, Siege Tank  
  97  13:24  Marine x3  
  97  13:25  Marine  
  90  13:47  Viking x4  
  98  13:53  Siege Tank  
  99  14:01  Marine  
  100  14:04  Orbital Command  
  100  14:06  Marine x3  
  103  14:12  SCV x2  
  105  14:17  Medivac x2  
  109  14:24  SCV x2  
  109  14:27  Marine x2  
  112  14:37  Marine x2  
  112  14:54  Siege Tank  
  112  14:58  Marine  
  115  15:02  Marine x2  
  117  15:19  Marine x4  
  82  15:33  Siege Tank  
  82  15:34  Marine  
  86  15:42  Marine x2  
  88  15:51  Marine x2  
Show
View Real Time Build Order
Export as new Build Order

Clem Terran 

Build Orders:  

Get SALT Encoding   

  12  0:00  SCV  
  13  0:12  SCV  
  14  0:17  Supply Depot  
  14  0:24  SCV  
  15  0:38  SCV  
  15  0:39  Barracks  
  16  0:43  Refinery  
  16  0:50  SCV  
  16  0:52  Refinery  
  17  1:02  SCV  
  18  1:15  SCV  
  19  1:26  Reaper  
  19  1:27  Orbital Command  
  19  1:30  Supply Depot  
  20  1:40  Factory  
  20  1:52  SCV  
  21  1:59  Reaper  
  22  2:04  SCV  
  23  2:14  Command Center  
  23  2:18  SCV  
  24  2:23  Hellion  
  26  2:30  SCV  
  26  2:31  Barracks Reactor  
  27  2:38  Starport  
  27  2:42  SCV  
  27  2:43  Supply Depot  
  28  2:47  Factory Tech Lab  
  28  2:54  SCV  
  32  3:05  Cyclone  
  32  3:06  SCV  
  32  3:07  Marine x2  
  35  3:13  Refinery  
  35  3:20  SCV, Medivac  
  35  3:25  Marine  
  40  3:29  Orbital Command  
  40  3:31  Marine  
  41  3:34  SCV  
  41  3:41  Cyclone  
  41  3:47  SCV  
  45  3:48  Supply Depot  
  45  3:51  Starport Tech Lab  
  45  3:55  SCV  
  46  3:59  Marine x2  
  46  4:00  SCV  
  49  4:07  SCV  
  49  4:09  Raven  
  52  4:14  Supply Depot  
  52  4:15  SCV  
  53  4:19  SCV  
  53  4:22  Siege Tank  
  55  4:27  SCV  
  56  4:32  SCV  
  57  4:39  SCV, Command Center  
  57  4:44  Raven, SCV  
  61  4:49  Supply Depot  
  61  4:51  Marine x2  
  63  4:53  SCV  
  63  4:56  SCV  
  63  4:59  Siege Tank  
  68  5:05  SCV  
  68  5:06  Supply Depot  
  69  5:08  SCV  
  70  5:17  SCV  
  70  5:20  Barracks  
  71  5:22  SCV  
  71  5:23  Barracks  
  72  5:29  Viking x2  
  72  5:30  Marine  
  72  5:31  SCV  
  72  5:34  Siege Tank  
  81  5:36  SCV  
  81  5:38  Stimpack  
  81  5:42  Refinery  
  79  5:46  SCV  
  79  5:47  Supply Depot  
  79  5:48  SCV, Marine  
  82  5:50  Orbital Command  
  82  5:58  SCV  
  82  6:00  SCV, Viking  
  82  6:01  Viking  
  88  6:10  SCV  
  92  6:12  SCV, Barracks Reactor x2, Supply Depot  
  92  6:16  Engineering Bay x2  
  92  6:17  SCV  
  91  6:22  SCV  
  91  6:23  Siege Tank  
  91  6:25  SCV  
  96  6:28  Marine  
  96  6:29  SCV  
  96  6:30  Supply Depot  
  98  6:34  SCV  
  98  6:35  Viking  
  98  6:36  Viking  
  98  6:38  SCV  
  104  6:41  Refinery  
  104  6:42  Refinery  
  104  6:43  SCV  
  104  6:46  Terran Infantry Weapons Level 1, Marine, SCV  
  107  6:51  SCV  
  107  6:54  Marine x2, Terran Infantry Armor Level 1  
  108  6:55  Marine, SCV  
  108  6:56  Marine  
  108  7:01  SCV  
  113  7:03  Siege Tank  
  113  7:04  Marine  
  117  7:09  SCV, Supply Depot  
  117  7:12  Marine  
  117  7:13  Marine x2, Sensor Tower, Supply Depot  
  117  7:14  Marine  
  117  7:15  SCV  
  123  7:18  SCV  
  123  7:21  SCV  
  122  7:24  Barracks  
  122  7:25  Barracks  
  122  7:26  Marine  
  122  7:27  SCV  
  122  7:29  Supply Depot  
  123  7:30  Marine, SCV  
  123  7:33  SCV  
  123  7:36  Siege Tank  
  129  7:37  Combat Shield  
  129  7:40  Marine x2  
  129  7:41  Marine  
  134  7:44  Marine  
  134  7:49  Marine  
  134  7:50  Command Center  
  133  7:55  Supply Depot  
  133  7:58  Marine, Armory  
  132  8:00  Factory  
  132  8:04  Marine x3  
  136  8:07  Marine  
  136  8:11  Siege Tank  
  140  8:13  Barracks Reactor x2, Supply Depot  
  140  8:16  Marine  
  140  8:19  Supply Depot  
  145  8:21  Marine  
  145  8:22  Viking x2  
  145  8:24  Marine  
  145  8:25  Marine  
  145  8:26  Marine, Supply Depot  
  149  8:34  Marine, Missile Turret  
  150  8:39  Marine  
  151  8:42  Marine  
  151  8:43  Marine, Siege Tank, Supply Depot  
  151  8:48  Terran Infantry Weapons Level 2, Terran Vehicle Weapons Level 1  
  156  8:50  Marine  
  156  8:52  Marine  
  156  8:54  Marine x3  
  160  8:58  Medivac x2  
  160  8:59  Marine  
  160  9:00  Marine  
  160  9:01  Marine, Terran Infantry Armor Level 2  
  164  9:07  Siege Tank  
  164  9:08  Marine  
  164  9:09  Marine  
  167  9:13  Barracks Reactor  
  167  9:16  Marine x4  
  172  9:18  Marine, Siege Tank  
  172  9:19  Marine, SCV x2  
  172  9:20  SCV  
  180  9:26  Starport  
  180  9:28  Medivac x2  
  180  9:29  Marine x2  
  187  9:32  Planetary Fortress  
  187  9:33  SCV x2  
  187  9:34  Marine x4, Refinery x2  
  187  9:37  SCV, Marine  
  194  9:42  Siege Tank  
  194  9:44  Marine  
  190  9:47  Marine x2  
  190  9:50  SCV, Siege Tank  
  190  9:52  Marine x3, SCV x2  
  195  9:54  Marine  
  196  10:06  Viking  
  190  10:10  Marine x3  
  190  10:11  Marine x3  
  190  10:13  SCV x2  
  189  10:14  Siege Tank  
  189  10:15  SCV  
  189  10:18  SCV, Marine x2  
  195  10:24  Sensor Tower  
  195  10:26  Marine, Siege Tank  
  195  10:27  Marine  
  200  10:36  Starport Reactor  
  200  10:45  Terran Vehicle Weapons Level 2  
  200  10:47  Command Center  
  200  10:54  Command Center  
  200  10:57  Missile Turret  
  200  11:04  Starport  
  200  11:07  Armory  
  200  11:09  Barracks Reactor  
  200  11:16  Viking  
  200  11:23  Marine x4, Siege Tank  
  200  11:24  Marine, Viking  
  180  11:26  Marine x2  
  180  11:27  Marine  
  180  11:32  Siege Tank  
  181  11:41  Marine x4  
  181  11:42  Marine  
  181  11:44  Marine x2  
  181  11:45  Marine  
  189  11:47  Marine x2  
  185  11:55  Siege Tank  
  185  11:57  Missile Turret  
  185  11:58  Missile Turret x2  
  184  12:03  Marine x2  
  184  12:05  Marine  
  184  12:06  Marine x5, Siege Tank  
  184  12:07  Marine  
  190  12:09  Marine  
  186  12:18  Viking  
  186  12:21  Marine x2  
  166  12:23  Marine  
  166  12:24  Marine  
  166  12:25  Marine x2  
  166  12:27  Medivac, Siege Tank  
  164  12:35  Marine  
  164  12:36  Marine x3  
  157  12:39  Marine x2  
  157  12:41  Marine  
  157  12:43  Siege Tank  
  156  12:54  Supply Depot  
  152  13:04  Siege Tank  
  147  13:07  Supply Depot  
  137  13:25  Marine x3  
  137  13:26  Medivac  
  137  13:27  Liberator  
  132  13:31  Siege Tank  
  138  13:34  Marine  
  138  13:35  Marine  
  138  13:36  Marine  
  136  13:46  Marine x4  
  130  13:59  Marine  
  130  14:00  Marine x2  
  133  14:05  Marine, Medivac  
  129  14:13  Medivac  
  134  14:18  Marine  
  135  14:25  Marine  
  135  14:26  Marine  
  135  14:30  Marine x2  
  137  14:34  Supply Depot  
  137  14:36  Supply Depot  
  137  14:38  Marine x2  
  132  14:40  Marine  
  129  14:46  Marine  
  129  14:48  Marine  
  129  14:49  Marine  
  127  14:55  Marine x2  
  127  14:57  Marine  
  130  15:04  Marine  
  130  15:05  Marine  
  130  15:07  Marine  
  132  15:13  Marine  
  119  15:19  Marine x2  
  86  15:22  Marine  
  86  15:23  Marine  
  86  15:24  Marine  
  77  15:31  Marine  
  78  15:36  Barracks, Marine x2  
  78  15:38  Barracks  
  78  15:40  Marine  
  78  15:41  Marine  
  79  15:45  Factory  
  79  15:48  Marine  
  79  15:49  Marine  
Tags
 
Add a new tag
Caveats
  • Supply blocks, unpowered buildings, or Contaminate may cause inaccurate times.
  • Supply counts are checked every 10 seconds.